 Dungeon Crawl Stone Soup version 0.21-a0-94-gdd6ab6a (webtiles) character file.

294 nikopol the Firebug (level 6, -1/32 HPs)
             Began as a Deep Elf Fire Elementalist on July 2, 2017.
             Slain by a leopard gecko (4 damage)
             ... on level 3 of the Dungeon.
             The game lasted 00:14:01 (2906 turns).

nikopol the Firebug (Deep Elf Fire Elementalist)    Turns: 2906, Time: 00:14:02

Health: -1/32      AC:  3    Str:  5    XL:     6   Next: 11%
Magic:  0/15       EV: 13    Int: 22    God:
Gold:   150        SH:  0    Dex: 15    Spells: 9/15 levels left

rFire    . . .     SeeInvis .   d - +0 short sword
rCold    . . .     Gourm    .   (no shield)
rNeg     . . .     Faith    .   a - +0 robe
rPois    .         Spirit   .   (no helmet)
rElec    .         Reflect  .   (no cloak)
rCorr    .         Harm     .   i - +0 pair of gloves
MR       +....                  (no boots)
Stlth    ++........             (no amulet)
HPRegen  0.10/turn              m - ring of protection from magic
MPRegen  0.14/turn              (no ring)

@: no status effects
A: no striking features
a: no special abilities


You were on level 3 of the Dungeon.
You were not hungry.

You visited 1 branch of the dungeon, and saw 3 of its levels.

You collected 150 gold pieces.

Inventory:

Hand Weapons
 d - a +0 short sword (weapon)
 q - a +0 dagger
Armour
 a - a +0 robe (worn)
 i - a +0 pair of gloves (worn)
Jewellery
 m - a ring of protection from magic (left hand)
Scrolls
 e - 5 scrolls of teleportation {unknown}
 f - a scroll of magic mapping {unknown}
 h - 4 scrolls of remove curse {unknown}
 n - 2 scrolls of amnesia {unknown}
 r - 3 scrolls of noise {unknown}
 s - 5 scrolls of identify {unknown}
Potions
 j - a potion of invisibility {unknown}
 k - 3 potions of heal wounds {unknown}
 l - a potion of ambrosia {unknown}
 o - a potion of berserk rage {unknown}
 t - 2 potions of curing {unknown}
Books
 b - a book of Flames

   Spells                             Type                      Level
   a - Flame Tongue                   Conjuration/Fire             1
   b - Throw Flame                    Conjuration/Fire             2
   c - Conjure Flame                  Conjuration/Fire             3
   d - Inner Flame                    Hexes/Fire                   3
   e - Sticky Flame                   Conjuration/Fire             4
   f - Fireball                       Conjuration/Fire             5
Comestibles
 c - 3 bread rations
 g - 2 meat rations
 p - 3 fruits


   Skills:
 + Level 0.1 Fighting
 + Level 3.0 Dodging
 + Level 3.0 Stealth
 + Level 5.2 Spellcasting
 + Level 2.5 Conjurations
 + Level 5.6 Fire Magic


You had 9 spell levels left.
You knew the following spells:

 Your Spells              Type           Power        Failure   Level  Hunger
a - Flame Tongue          Conj/Fire      ###..        1%          1    None
b - Throw Flame           Conj/Fire      ###...       2%          2    None
c - Conjure Flame         Conj/Fire      ###.....     5%          3    ##.....


Dungeon Overview and Level Annotations

Branches:
Dungeon (3/15)

Altars:


Message History

Increase (S)trength, (I)ntelligence, or (D)exterity?
You feel clever. The kobold barely misses you.
Casting: Flame Tongue
Confirm with . or Enter, or press ? or * to list all spells.
Aiming: Flame Tongue
Press: ? - help, Shift-Dir - straight line
Okay, then.
You hit the kobold but do no damage. The leopard gecko misses you.
The kobold hits you with a club.
* * * LOW HITPOINT WARNING * * *
Casting: Flame Tongue
Confirm with . or Enter, or press ? or * to list all spells.
Aiming: Flame Tongue
Press: ? - help, Shift-Dir - straight line, f - kobold
Aim: a kobold, wielding a club The flame tongue misses the kobold.
The leopard gecko closely misses you. The kobold misses you.
You hit the kobold but do no damage. The leopard gecko bites you.
You die...

#>###...#### #)#
##.## #.# #.#
##.####.#
#######.....#.#
........#.#.#.#
#####........##
#.l....#.#....#
#@###.......#.#
#K# ##...#..#.#
#.# ##.###.#.#
#.#####.# #.#.#
#.#...#.# #.#.#
#)#.....# #.#.#
##.#...#####.#.#
#........>##.#.#
#..............#


You could see a leopard gecko and a kobold.

Vanquished Creatures
  2 big kobolds (D:3)
  5 gnolls
  An adder (D:2)
  An ooze (D:1)
  2 worms
  A dart slug (D:1)
  5 giant cockroaches
  6 goblins
  10 hobgoblins
  5 jackals
  28 kobolds
  A ball python (D:1)
  4 bats
  6 frilled lizards
  8 rats
85 creatures vanquished.

Notes
Turn   | Place    | Note
-------+----------+-------------------------------------------
     0 | D:1      | nikopol the Deep Elf Fire Elementalist began the quest for the Orb.
     0 | D:1      | Reached XP level 1. HP: 10/10 MP: 6/6
   118 | D:1      | Reached XP level 2. HP: 15/15 MP: 4/8
   423 | D:1      | Reached XP level 3. HP: 14/19 MP: 4/9
  1205 | D:2      | Reached XP level 4. HP: 24/24 MP: 3/11
  1850 | D:3      | Learned a level 2 spell: Throw Flame
  1854 | D:3      | Learned a level 3 spell: Conjure Flame
  2271 | D:3      | Reached skill level 5 in Fire Magic
  2420 | D:3      | Reached XP level 5. HP: 28/28 MP: 3/13
  2898 | D:3      | Reached skill level 5 in Spellcasting
  2898 | D:3      | Reached XP level 6. HP: 6/32 MP: 0/15
  2906 | D:3      | Slain by a leopard gecko

Vault maps used:
D:1:      erik_arrival_blinker_ship, hex_tiny, minmay_pentomino_p4
D:3:      minmay_goblin_kobold_castle, serial_glass, glass_columns_a,
          glass_columns_a, first_bread, st_stairs_5

Skill      XL: |  1  2  3  4  5 |
---------------+----------------+-----
Fire Magic     | 4 5 |  5.6
Stealth        | 3 |  3.0
Spellcasting   | 4 5 |  5.2
Conjurations   | 2 |  2.5
Dodging        | 3 |  3.0
Fighting       | |  0.1

Action                   |  1- 3 |  4- 6 || total
-------------------------+-------+-------++-------
Melee: Unarmed           |     1 |       ||     1
       Short sword       |       |     2 ||     2
 Cast: Flame Tongue      |    76 |   104 ||   180
       Throw Flame       |       |     5 ||     5
       Conjure Flame     |       |     3 ||     3
  Eat: Chunk             |     1 |     5 ||     6
Armor: Robe              |     7 |     6 ||    13
Dodge: Dodged            |    33 |    30 ||    63
